 Dungeon Crawl Stone Soup version 0.25.1-1-g288607f5aa (webtiles) character file.

Game seed: 9270640809307143038

72124 KleinerIrrer the Brawler (level 15, 0/130 HPs)
             Began as a Grey Draconian Transmuter on July 24, 2020.
             Was an Elder of Ru.
             Killed from afar by a tengu reaver (44 damage)
             ... with a fireball
             ... on level 14 of the Dungeon on July 25, 2020.
             The game lasted 01:21:02 (29559 turns).

KleinerIrrer the Brawler (DrTm)                    Turns: 29559, Time: 01:21:02

Health: 0/130      AC: 23    Str: 18    XL:     15   Next: 0%
Magic:  19/19      EV: 33    Int: 14    God:    Ru [****..]
Gold:   448        SH:  0    Dex: 16    Spells: 9/20 levels left

rFire    . . .     SeeInvis .     - Unarmed
rCold    . . .     Gourm    .   (no shield)
rNeg     . . .     Faith    .   (armour unavailable)
rPois    +         Spirit   .   (helmet restricted)
rElec    .         Reflect  .   n - +2 cloak
rCorr    .         Harm     .   J - +2 pair of gloves
MR       +....                  s - +2 pair of boots
Stlth    ..........             P - amulet of the acrobat
HPRegen  0.31/turn              g - ring of poison resistance
MPRegen  0.16/turn              v - +6 ring of dexterity

@: acrobat, very slightly contaminated, studying Invocations, lightly drained
A: walk through water, unfitting armour, clumsy 1, unbreathing, cold-blooded, no
stealth, hated by all, inexperienced 1, AC +14
a: Draw Out Power, Power Leap, Renounce Religion


You were on level 14 of the Dungeon.
You worshipped Ru.
Ru was greatly pleased with you.
You were not hungry.

You visited 4 branches of the dungeon, and saw 23 of its levels.
You also visited: Trove, Ossuary and Ice Cave.

You collected 2143 gold pieces.
You spent 1695 gold pieces at shops.

Inventory:

Hand Weapons
 o - a +0 hunting sling
Missiles
 a - 398 arrows
 k - 76 poisoned darts (quivered)
 m - 235 sling bullets
 G - 6 javelins
 S - 9 curare-tipped darts
Armour
 n - a +2 cloak (worn)
 s - a +2 pair of boots (worn)
 J - a +2 pair of gloves (worn)
Jewellery
 g - a ring of poison resistance (left hand)
 q - an uncursed ring of protection from fire
 v - a +6 ring of dexterity (right hand)
 P - an amulet of the acrobat (around neck)
 Q - an uncursed ring of protection from fire
 U - a cursed ring of protection from fire
Wands
 i - a wand of clouds (6)
 A - a wand of polymorph (9)
 I - a wand of paralysis (24)
 M - a wand of acid (10)
 N - a wand of flame (43)
 V - a wand of iceblast (9)
Scrolls
 b - 16 scrolls of teleportation
 h - 2 scrolls of holy word
 l - 2 scrolls of fear
 p - 3 scrolls of amnesia
 r - a scroll of vulnerability
 u - 3 scrolls of noise
 w - a scroll of identify
 x - 4 scrolls of magic mapping
 y - a scroll of brand weapon
 C - 4 scrolls of remove curse
 K - 3 scrolls of immolation
 O - a scroll of enchant armour
 X - a scroll of fog
 Z - a scroll of silence
Potions
 d - 9 potions of curing
 e - a potion of cancellation
 j - a potion of flight
 t - 3 potions of mutation
 z - a potion of invisibility
 B - 4 potions of brilliance
 D - a potion of resistance
 E - a potion of magic
 F - a potion of might
 H - 5 potions of stabbing
Books
 W - a manual of Invocations
Miscellaneous
 R - a tin of tremorstones (3/3)
Comestibles
 c - 44 rations
 L - 4 chunks of flesh


   Skills:
 + Level 11.3(10.8) Fighting
 - Level 0.5(0.2) Slings
 + Level 8.6(8.2) Dodging
 + Level 19.1(18.6) Unarmed Combat
 * Level 3.1(2.8) Spellcasting
 * Level 11.6(11.2) Transmutations
 - Level 0.4(0.1) Evocations


You had 9 spell levels left.
You knew the following spells:

 Your Spells              Type           Power        Failure   Level  Hunger
a - Beastly Appendage     Tmut           ####..       1%          1    #......
b - Sticks to Snakes      Tmut           ####....     1%          2    ###....
c - Spider Form           Tmut/Pois      ###.......   7%          3    ###....
d - Blade Hands           Tmut           ####......   6%          5    ######.

Your spell library contained the following spells:

 Spells                   Type           Power        Failure   Level  Hunger
 Sting                    Tmut/Pois      ###.         2%          1    #......
 Passwall                 Tmut/Erth      ###.....     3%          2    ###....
 Ignite Poison            Fire/Tmut/Pois ##......     14%         3    ###....
 Apportation              Tloc           #.....       22%         1    #......
 Foxfire                  Conj/Fire      #...         22%         1    #......
 Freeze                   Ice            #...         22%         1    #......
 Magic Dart               Conj           #...         22%         1    #......
 Pain                     Necr           #...         22%         1    #......
 Shock                    Conj/Air       #...         22%         1    #......
 Ice Form                 Ice/Tmut       ###.....     22%         4    #####..
 Petrify                  Tmut/Erth      ###.....     22%         4    #####..
 Corpse Rot               Necr/Air       N/A          32%         2    ###....
 Ensorcelled Hibernation  Hex/Ice        #.....       32%         2    ###....
 Poisonous Vapours        Pois/Air       #.....       32%         2    ###....
 Searing Ray              Conj           #.....       32%         2    ###....
 Slow                     Hex            #.......     32%         2    ###....
 Swiftness                Chrm/Air       #.......     32%         2    ###....
 Hydra Form               Tmut           ####......   32%         6    #######
 Alistair's Intoxication  Tmut/Pois      ###.....     52%         5    ######.
 Irradiate                Conj/Tmut      ###.......   52%         5    ######.
 Yara's Violent Unravell  Hex/Tmut       ###.......   52%         5    ######.
 Confusing Touch          Hex            #.......     54%         3    ###....
 Conjure Flame            Conj/Fire      #.......     54%         3    ###....
 Dazzling Flash           Conj/Hex       #.....       54%         3    ###....
 Frozen Ramparts          Ice            #.....       54%         3    ###....
 Gell's Gravitas          Tloc           #.........   54%         3    ###....
 Inner Flame              Hex/Fire       #.......     54%         3    ###....
 Lesser Beckoning         Tloc           #.........   54%         3    ###....
 Mephitic Cloud           Conj/Pois/Air  #.......     54%         3    ###....
 Ozocubu's Armour         Chrm/Ice       #.......     54%         3    ###....
 Spectral Weapon          Hex/Chrm       #.......     54%         3    ###....
 Static Discharge         Conj/Air       #.......     54%         3    ###....
 Stone Arrow              Conj/Erth      #.....       54%         3    ###....
 Vampiric Draining        Necr           #.........   54%         3    ###....
 Dragon Form              Tmut           ####......   88%         7    #######
 Airstrike                Air            #.........   91%         4    #####..
 Cause Fear               Hex            #.........   91%         4    #####..
 Fulminant Prism          Conj/Hex       #.........   91%         4    #####..
 Hailstorm                Conj/Ice       #.......     91%         4    #####..
 Iskenderun's Mystic Bla  Conj/Tloc      #.......     91%         4    #####..
 Leda's Liquefaction      Hex/Erth       #.........   91%         4    #####..
 Olgreb's Toxic Radiance  Pois           #.......     91%         4    #####..
 Passage of Golubria      Tloc           N/A          91%         4    #####..
 Sticky Flame             Conj/Fire      #.......     91%         4    #####..
 Eringya's Noxious Bog    Tmut/Pois      ###.......   98%         6    #######
 Statue Form              Tmut/Erth      ###......    98%         6    #######
 Agony                    Necr           #.......     99%         5    ######.
 Aura of Abjuration       Summ           #.........   99%         5    ######.
 Fireball                 Conj/Fire      #.........   99%         5    ######.
 Iskenderun's Battlesphe  Conj/Chrm      #.......     99%         5    ######.
 Lee's Rapid Deconstruct  Erth           #.........   99%         5    ######.
 Lightning Bolt           Conj/Air       #.........   99%         5    ######.
 Metabolic Englaciation   Hex/Ice        #.........   99%         5    ######.
 Darkness                 Hex            #.........   100%        6    #######
 Invisibility             Hex            #.......     100%        6    #######
 Starburst                Conj/Fire      #.........   100%        6    #######
 Ring of Flames           Chrm/Fire      #.........   100%        7    #######
 Chain Lightning          Conj/Air       #.........   100%        8    #######
 Ignition                 Fire           #.........   100%        8    #######
 Necromutation            Tmut/Necr      ###.......   100%        8    #######
 Animate Skeleton         Necr           Unusable     N/A         1    N/A
 Summon Butterflies       Summ           Unusable     N/A         1    N/A
 Tukima's Dance           Hex            Unusable     N/A         3    N/A
 Animate Dead             Necr           Unusable     N/A         4    N/A
 Summon Ice Beast         Ice/Summ       Unusable     N/A         4    N/A
 Summon Forest            Summ/Tloc      Unusable     N/A         5    N/A
 Summon Hydra             Summ           Unusable     N/A         7    N/A

Dungeon Overview and Level Annotations

Branches:
Dungeon (14/15)            Temple (1/1) D:6            Lair (6/6) D:8
 Shoals (0/4) Lair:3       Spider (0/4) Lair:3        Slime (0/5) Lair:6
    Orc (2/2) D:10            Elf (0/3) Orc:2       Ossuary (visited)
  IceCv (visited)
 Vaults: D:13-14

Altars:
Ashenzari
Cheibriados
Elyvilon
Gozag
Hepliaklqana
Kikubaaqudgha
Okawaru
Qazlal
Ru
Sif Muna
Trog
Uskayaw
Vehumet
Wu Jian
Xom
Zin

Shops:
D:12 *   Orc:2 =*:?

Annotations:
Lair:2 4 transporters, wojtek's ghost, journeyman DsGl
Orc:1 Acheron's ghost, journeyman TrWn
Orc:2 exclusion: upstairs


Innate Abilities, Weirdness & Mutations

You can walk through water.
Your dull iron-grey scales are very hard. (AC +14)
You cannot fit into any form of body armour.
You are clumsy. (Dex -2)
You can survive without breathing.
You are cold-blooded and may be slowed by cold attacks.
You cannot be stealthy.
You are hated by all.
You are somewhat inexperienced. (-2 XL)


Message History

* * * LOW HITPOINT WARNING * * *
The tengu reaver burns you.
* * * LOW HITPOINT WARNING * * *
The tengu reaver pecks you!
* * * LOW HITPOINT WARNING * * *
The tengu reaver claws you but does no damage.
You're too exhausted to power leap.
Okay, then.
Blink to where?
Press: ? - help, Dir - move target cursor You are very lightly contaminated with residual magic.
As you read the scroll of blinking, it crumbles to dust.
You feel much better.
Things that are here:
a +0 hand axe x2
You feel less exhausted.
You see here a +0 halberd.
The tengu reaver points at you and mumbles some strange words.
The fireball explodes!
The fireball engulfs you!!!
You die...

#....##.#########
#....##.##......+
#....##)##.#####..#
#....#.....####
##....#..##....#
#.....#..##..c.#
######.....#..##....#####
#*Q..#####.#..##>...pS)pQ
#.##...)@..#..###...####S
##.##########..###...# #.
#....)[.Q)..(.)..#...# ##
############*...*#####
#<....# #(.a..# #.....#
#.....# #.....#


You could see a tengu reaver and a battlesphere.

Vanquished Creatures
  Gastronok (Lair:3)
  Harold (D:11)
  A yaktaur captain (D:14)
  4 hydras
  6 vault guards
  A catoblepas (Lair:6)
  9 two-headed ogres
  A merfolk avatar (Lair:6)
  2 centaur warriors
  2 ogre magi (Orc:2)
  7 death yaks
  5 skeletal warriors (D:14)
  A fire crab (Lair:6)
  2 unseen horrors (D:11)
  2 deep trolls (Orc:2)
  A sea snake (Lair:6)
  An orc knight (Orc:2)
  An ugly thing (D:11)
  A harpy (Lair:6)
  A deep elf mage (D:12)
  An orc sorcerer (Orc:1)
  2 manticores
  3 cyclopes
  8 elephants
  5 black mambas
  A gargoyle (D:11)
  10 spiny frogs
  3 rime drakes
  7 komodo dragons
  An efreet (D:13)
  2 ice devils (Lair:3)
  2 jumping spiders (Lair:3)
  10 trolls
  A wind drake (Lair:6)
  2 hornets
  4 polar bears
  27 blink frogs
  3 hippogriffs
  4 redbacks (Lair:3)
  3 shadows
  42 yaks
  3 wraiths
  4 wyverns
  A steam dragon (D:10)
  4 basilisks
  3 vampire mosquitoes (D:13)
  Menkaure (Ossuary)
  A hungry ghost (D:10)
  An acid dragon (D:13)
  3 wargs
  A soldier ant (D:13)
  14 water moccasins
  7 porcupines
  4 sky beasts
  A necrophage (D:7)
  19 orc warriors
  An eye of draining (D:11)
  4 ice beasts
  3 black bears
  3 phantoms
  24 ogres
  15 wolves
  4 centaurs
  11 crocodiles
  2 big kobolds
  7 bullfrogs
  A wyvern zombie (D:14)
  2 scorpions
  9 killer bees
  10 wights
  4 electric eels
  6 howler monkeys
  6 crimson imps
  4 bullfrog zombies
  2 quasits
  A centaur zombie (D:7)
  6 jellies
  8 hounds
  2 centaur skeletons
  12 orc priests
  A gnoll shaman (D:5)
  35 orc wizards
  A bullfrog skeleton (D:13)
  3 iguanas
  7 worker ants
  A killer bee zombie (D:8)
  7 ogre zombies (D:10)
  A hound skeleton (D:4)
  3 mummies (Ossuary)
  12 gnolls
  9 adders
  3 shadow imps
  A white imp (D:4)
  6 oozes
  An adder zombie (D:5)
  A worm (D:2)
  A dart slug (D:1)
  9 leopard geckos
  81 orcs
  4 bats
  9 giant cockroaches
  4 gnoll zombies (Ossuary)
  4 goblins
  3 hobgoblins
  4 jackals (D:4)
  8 quokkas
  3 frilled lizards
  5 gnoll skeletons (Ossuary)
  7 goblin skeletons
  6 goblin zombies
  8 hobgoblin skeletons
  8 hobgoblin zombies
  9 kobolds
  2 kobold skeletons (Ossuary)
  2 kobold zombies (Ossuary)
  4 orc skeletons
  15 orc zombies
  12 rats
  5 rat skeletons (Ossuary)
  4 rat zombies (Ossuary)
714 creatures vanquished.

Vanquished Creatures (others)
  A death yak (Lair:5)
  An unseen horror (D:12)
  2 yaks
  An orc wizard (D:11)
  2 hobgoblin zombies (Ossuary)
  2 orc zombies (Ossuary)
  22 fungi
  6 plants (Lair:6)
37 creatures vanquished.

Grand Total: 751 creatures vanquished

Notes
Turn   | Place    | Note
-------+----------+-------------------------------------------
     0 | D:1      | KleinerIrrer the Draconian Transmuter began the quest for
                  | the Orb.
     0 | D:1      | Reached XP level 1. HP: 16/16 MP: 3/3
   222 | D:1      | Reached XP level 2. HP: 14/23 MP: 5/5
   226 | D:1      | Learned a level 2 spell: Sticks to Snakes
  1060 | D:2      | Reached XP level 3. HP: 22/28 MP: 6/6
  1272 | D:2      | Reached skill level 4 in Unarmed Combat
  1511 | D:2      | Found a white marble altar of Elyvilon.
  1535 | D:3      | Found a sacrificial altar of Ru.
  1584 | D:3      | Became a worshipper of Ru the Awakened
  2049 | D:4      | Reached XP level 4. HP: 35/35 MP: 7/7
  2112 | D:4      | Found a sand-covered staircase.
  2117 | Ossuary  | Entered an ossuary
  2331 | Ossuary  | Gained mutation: You cannot be stealthy. [Ru sacrifice]
  2487 | Ossuary  | Noticed Menkaure
  2505 | Ossuary  | Killed Menkaure
  2505 | Ossuary  | Reached skill level 5 in Unarmed Combat
  2505 | Ossuary  | Reached XP level 5. HP: 40/40 MP: 8/8
  2734 | D:4      | Reached XP level 6. HP: 47/47 MP: 9/9
  2796 | D:4      | Reached skill level 6 in Unarmed Combat
  3058 | D:4      | Found a hide-covered altar of Uskayaw.
  3199 | D:4      | Found a hazy altar of Hepliaklqana.
  3670 | D:5      | Entered Level 5 of the Dungeon
  3993 | D:5      | Noticed an ice beast
  4007 | D:5      | Killed an ice beast
  4007 | D:5      | Reached skill level 7 in Unarmed Combat
  4007 | D:5      | Your scales start taking on a dull iron-grey colour.
  4007 | D:5      | Reached XP level 7. HP: 38/52 MP: 10/10
  4007 | D:5      | Gained mutation: You can survive without breathing. [Grey
                  | Draconian growth]
  4349 | D:5      | Learned a level 3 spell: Spider Form
  4924 | D:5      | Found a bloodstained altar of Trog.
  5025 | D:5      | Reached skill level 8 in Unarmed Combat
  5099 | D:5      | Found a glowing silver altar of Zin.
  5415 | D:6      | Found a staircase to the Ecumenical Temple.
  5604 | D:6      | Reached XP level 8. HP: 41/62 MP: 11/11
  5792 | Temple   | Entered the Ecumenical Temple
  6055 | D:6      | Reached skill level 9 in Unarmed Combat
  6700 | D:7      | Learned a level 5 spell: Blade Hands
  6732 | D:6      | Reached skill level 5 in Transmutations
  7359 | D:7      | Reached skill level 10 in Unarmed Combat
  7463 | D:7      | Found a shattered altar of Ashenzari.
  7531 | D:7      | Reached XP level 9. HP: 71/71 MP: 12/12
  8468 | D:8      | Found a staircase to the Lair.
  8496 | D:8      | Found a shimmering altar of Xom.
  8644 | D:8      | Reached skill level 11 in Unarmed Combat
  8980 | D:9      | Found a snail-covered altar of Cheibriados.
  9194 | D:9      | Found a stormy altar of Qazlal.
  9247 | D:9      | Reached skill level 5 in Fighting
  9919 | D:9      | Found a shimmering blue altar of Sif Muna.
  9945 | D:9      | Found an ancient bone altar of Kikubaaqudgha.
  9965 | D:9      | Found a radiant altar of Vehumet.
  9985 | D:9      | Identified Vehumet's Handbook of Attacks
 10216 | D:9      | Reached XP level 10. HP: 81/81 MP: 13/13
 10287 | D:10     | Entered Level 10 of the Dungeon
 10563 | D:10     | Noticed a cyan ugly thing
 10603 | D:10     | Reached skill level 12 in Unarmed Combat
 10842 | D:10     | Found a staircase to the Orcish Mines.
 11167 | D:10     | Gained mutation: You are somewhat inexperienced. (-2 XL)
                  | [Ru sacrifice]
 11167 | D:10     | Reached XP level 9. HP: 75/75 MP: 12/12
 11167 | D:10     | Reached XP level 8. HP: 70/70 MP: 11/11
 11167 | D:10     | Reached * piety under Ru
 11167 | D:10     | Reached ** piety under Ru
 11326 | D:11     | Noticed a hornet
 11337 | D:11     | Killed a hornet
 11349 | D:11     | Noticed Harold
 11357 | D:11     | Paralysed by Harold for 2 turns
 11358 | D:11     | Killed Harold
 11358 | D:11     | Reached XP level 9. HP: 66/75 MP: 12/12
 11515 | D:11     | Noticed a gargoyle
 11530 | D:11     | Killed a gargoyle
 12138 | Orc:1    | Entered Level 1 of the Orcish Mines
 12144 | Orc:1    | Noticed a cyclops
 12155 | Orc:1    | Killed a cyclops
 12155 | Orc:1    | Reached skill level 13 in Unarmed Combat
 12228 | Orc:2    | Entered Level 2 of the Orcish Mines
 12554 | Orc:2    | Noticed a troll
 12572 | Orc:2    | Killed a troll
 12572 | Orc:2    | Reached XP level 10. HP: 84/84 MP: 13/13
 12832 | Orc:2    | Found a staircase to the Elven Halls.
 12833 | Orc:2    | Found Luroufik's Magic Scroll Shop.
 12833 | Orc:2    | Noticed a two-headed ogre
 12836 | Orc:2    | Noticed a deep troll
 12838 | Orc:2    | Noticed a two-headed ogre
 12840 | Orc:2    | Noticed a cyclops
 12847 | Orc:2    | Killed a deep troll
 12848 | Orc:2    | Killed a two-headed ogre
 12848 | Orc:2    | Noticed a two-headed ogre
 12852 | Orc:2    | Killed a two-headed ogre
 12853 | Orc:2    | Noticed a two-headed ogre
 12857 | Orc:2    | Noticed an ogre mage
 12858 | Orc:2    | Noticed a deep troll
 12859 | Orc:2    | Noticed a two-headed ogre
 12862 | Orc:2    | Noticed a cyclops
 12863 | Orc:2    | Killed a two-headed ogre
 12863 | Orc:2    | Reached skill level 14 in Unarmed Combat
 12864 | Orc:2    | Noticed a two-headed ogre
 12864 | Orc:2    | Reached XP level 11. HP: 61/92 MP: 14/14
 12865 | Orc:2    | Noticed a two-headed ogre
 12868 | Orc:2    | Killed a two-headed ogre
 12868 | Orc:2    | Noticed an ogre mage
 12869 | Orc:2    | Killed a two-headed ogre
 12871 | Orc:2    | Noticed a two-headed ogre
 12873 | Orc:2    | Killed a two-headed ogre
 12875 | Orc:2    | Reached skill level 5 in Dodging
 12881 | Orc:2    | Killed a deep troll
 12882 | Orc:2    | Killed a two-headed ogre
 12883 | Orc:2    | Killed an ogre mage
 12885 | Orc:2    | Killed an ogre mage
 12886 | Orc:2    | Killed a two-headed ogre
 12896 | Orc:2    | Reached skill level 15 in Unarmed Combat
 13047 | Orc:2    | Found Suwutelo's General Store.
 13048 | Orc:2    | Found Pypouf Gyumm's Jewellery Emporium.
 13060 | Orc:2    | Found Saqoum's Book Boutique.
 13085 | Orc:2    | Bought a scroll of fog for 26 gold pieces
 13085 | Orc:2    | Bought a scroll of fear for 45 gold pieces
 13085 | Orc:2    | Bought a scroll of identify for 26 gold pieces
 13085 | Orc:2    | Bought a scroll of identify for 26 gold pieces
 13085 | Orc:2    | Bought a scroll of blinking for 97 gold pieces
 13091 | Orc:2    | Bought an uncursed amulet of the acrobat for 540 gold
                  | pieces
 13627 | Orc:1    | Noticed an orc knight
 13627 | Orc:1    | Noticed an orc sorcerer
 13646 | Orc:2    | Killed an orc knight
 13703 | Orc:1    | Killed an orc sorcerer
 13720 | Orc:1    | Found a runed translucent gate.
 13815 | Orc:1    | Noticed a merfolk javelineer
 13816 | Orc:1    | Found a runed translucent gate.
 13816 | Orc:1    | Found a runed translucent gate.
 13816 | Orc:1    | Noticed a centaur warrior
 13816 | Orc:1    | Noticed a centaur warrior
 13817 | Orc:1    | Noticed an orc knight
 13817 | Orc:1    | Noticed a merfolk javelineer
 13818 | Orc:1    | Noticed a tengu warrior
 13818 | Orc:1    | Noticed Acheron's ghost (journeyman TrWn)
 13818 | Orc:1    | Noticed a deep elf knight
 13820 | Orc:1    | Noticed an orc knight
 13823 | Orc:1    | Found an iron altar of Okawaru.
 13824 | Orc:1    | Gained mutation: You are hated by all. [Ru sacrifice]
 13824 | Orc:1    | Reached *** piety under Ru
 13824 | Orc:1    | Reached **** piety under Ru
 14406 | Orc:2    | Reached XP level 12. HP: 84/103 MP: 15/15
 14843 | Lair:1   | Entered Level 1 of the Lair of Beasts
 15131 | Lair:1   | Noticed an eight-headed hydra
 15489 | Lair:1   | Killed an eight-headed hydra
 16596 | Lair:2   | Reached skill level 16 in Unarmed Combat
 16646 | Lair:2   | Found a transporter.
 16915 | Lair:2   | Gained mutation: You are clumsy. (Dex -2) [Ru sacrifice]
 17175 | Lair:2   | Found a transporter.
 17175 | Lair:2   | Noticed wojtek's ghost (journeyman DsGl)
 17264 | Lair:2   | Found a transporter.
 17388 | Lair:2   | Found a transporter.
 17659 | Lair:3   | Found a staircase to the Shoals.
 17669 | Lair:3   | Noticed Gastronok
 17681 | Lair:3   | Killed Gastronok
 17759 | Lair:3   | Found a frozen archway.
 17804 | IceCv    | Entered an ice cave
 18040 | Lair:3   | Found a hole to the Spider Nest.
 18484 | Lair:3   | Reached skill level 10 in Transmutations
 18484 | Lair:3   | Reached XP level 13. HP: 101/111 MP: 16/16
 18575 | Lair:3   | Identified the Incunabulum of Envenoming and Necromancy
 18590 | Lair:3   | You fall into a shaft and drop 2 floors!
 19522 | Lair:4   | Reached skill level 17 in Unarmed Combat
 20488 | Lair:4   | Reached skill level 10 in Fighting
 23063 | Lair:6   | Entered Level 6 of the Lair of Beasts
 23653 | Lair:6   | Reached XP level 14. HP: 122/122 MP: 17/17
 23776 | Lair:5   | Reached skill level 18 in Unarmed Combat
 24615 | Lair:6   | Found a staircase to the Slime Pits.
 26917 | D:12     | Found Xal Ykhies's Changing Room.
 26930 | D:12     | Bought a book of Transfigurations for 935 gold pieces
 27493 | D:12     | Found a portal to a secret trove of treasure.
 27501 | D:12     | You paid a toll of 4 scrolls of fog to enter a treasure
                  | trove
 27502 | Trove    | Entered a treasure trove
 27512 | Trove    | Identified Nayxt's Handbook of Unstable Malediction
 27515 | Trove    | Identified the Disquisition on Poisonous Calling
 27540 | Trove    | Identified Sif Muna's Collected Works on Destructive Heat
 27566 | Trove    | Identified the Papyrus of Stones and Execration
 29206 | D:14     | Reached skill level 19 in Unarmed Combat
 29224 | D:14     | Noticed a tengu reaver
 29534 | D:14     | Reached XP level 15. HP: 54/130 MP: 19/19
 29559 | D:14     | Killed from afar by a tengu reaver

Illustrated notes

Levels and vault maps discovered:
D:1:      scummos_arrival_star, layout_rooms
D:2:      layout_basic, lemuel_coloured_pillars_altar
D:3:      layout_rooms, lemuel_crystal_altar, first_ration
D:4:      layout_loops_corners, kennysheep_little_box,
          eat_drink_and_be_merry_uskayaw, enter_ossuary_2,
          hangedman_decor_lopped, grunt_ministairs_5, minmay_fire_ice_demons
D:5:      layout_loops_ring, lemuel_round_altar, lightli_temple_of_fire
D:6:      layout_rooms, minmay_temple_entry_arrows, gup_sewer_entry_pipe
D:7:      layout_loops_ring, evilmike_ruin_ashenzari
D:8:      black_bear_nest_1, layout_loops_ring, xom_confusion_cloud,
          lair_entry_dummy, hangedman_little_slice_of_home, feat_on_display
D:9:      layout_rooms, palyth_temple_overflow_mages, overflow_temple_1_default,
          old_standard_altar, minivault_25_ag
D:10:     layout_basic, zombieorc2_lemuel
D:11:     layout_grid_maze, chequers_decorated_corner, uniq_harold
D:12:     layout_irregular_city, nicolae_trove_entry_columns,
          nicolae_transmutations_shop, kennysheep_generic_room_8
D:13:     layout_roguey, chequers_serial_rivers_micro_e
D:14:     minmay_guarded_unrand_sword_of_power, layout_basic, david_vaults_1,
          serial_glass, glass_columns_c, glass_columns_a
Temple:   compressed_dpeg_triangle_lava_temple
Lair:1:   layout_regular_city, grunt_forest_stairs_basic,
          small_statue_intersection, minivault_11, columned_hall_lemuel
Lair:2:   gammafunk_cloud_chamber, layout_loops_ring,
          gammafunk_ghost_berserking_beasts
Lair:3:   wander_river, layout_cave_pods, minmay_shoals_entry_centaurs,
          nicolae_spider_entry_tight_spaces, portal_ice_cave_demonic_guard,
          grunt_megastairs_1, lemuel_fruit_fields, uniq_gastronok
Lair:4:   layout_long_grid
Lair:5:   layout_gridlike, minmay_holes, infiniplex_staircase_pool,
          grunt_megastairs_5, lemuel_fruit_tree
Lair:6:   gammafunk_lair_ancient_temple, layout_misc_corridors,
          dpeg_slime_entry_corner
Orc:1:    layout_diamond_mine, gammafunk_ghost_fury_of_okawaru
Orc:2:    st_orc_open, layout_diamond_mine

Skill      XL: |  1  2  3  4  5  6  7  8  9 10 11 12 13 14 |
---------------+-------------------------------------------+-----
Unarmed Combat | 4 5 7 8 10 13 14 15 16 17 19 | 19.1
Transmutations | 3 4 7 6 8 9 10 11 | 11.6
Fighting       | 2 6 5 7 8 9 10 11 | 11.3
Dodging        | 4 3 5 6 7 8 |  8.6
Spellcasting   | 3 |  3.1
Slings         | |  0.5
Evocations     | |  0.4

Action                   |  1- 3 |  4- 6 |  7- 9 | 10-12 | 13-15 || total
-------------------------+-------+-------+-------+-------+-------++-------
Melee: Unarmed           |   153 |   242 |   771 |   618 |  1085 ||  2869
       Tailslap          |    15 |    32 |   119 |   100 |   203 ||   469
       Punch             |       |     6 |    33 |    38 |   122 ||   199
 Fire: Hunting sling     |     9 |       |       |       |       ||     9
Throw: Dart              |       |       |       |    14 |       ||    14
 Cast: Sticks to Snakes  |       |       |       |     2 |       ||     2
       Spider Form       |       |       |       |       |     1 ||     1
       Blade Hands       |       |       |       |       |     1 ||     1
       Beastly Appendage |       |       |       |       |     1 ||     1
Invok: Sacrifice Stealth |       |     1 |       |       |       ||     1
       Reject Sacrifices |       |       |     1 |       |     1 ||     2
       Sacrifice Experie |       |       |     1 |       |       ||     1
       Sacrifice Love    |       |       |       |     1 |       ||     1
       Power Leap        |       |       |       |     2 |     3 ||     5
       Sacrifice Purity  |       |       |       |     1 |       ||     1
       Draw Out Power    |       |       |       |       |     1 ||     1
 Abil: End Transformatio |       |       |       |       |     1 ||     1
Evoke: Wand              |       |       |     9 |    11 |     9 ||    29
  Use: Scroll            |    10 |     1 |     1 |    12 |    11 ||    35
       Potion            |       |     5 |     2 |     5 |     3 ||    15
 Stab: Sleeping          |     6 |     1 |       |       |       ||     7
       Paralysed         |       |       |     5 |       |       ||     5
       Distracted        |       |       |     1 |       |     4 ||     5
       Confused          |       |       |       |     8 |     3 ||    11
       Invisible         |       |       |       |     1 |     5 ||     6
  Eat: Chunk             |     4 |     2 |    25 |    25 |    29 ||    85
       Ration            |       |     1 |       |     2 |     2 ||     5
Armor: Skin              |    47 |    58 |   283 |   198 |   284 ||   870
Dodge: Dodged            |    73 |    81 |   378 |   420 |   702 ||  1654
